 Dungeon Crawl Stone Soup version 0.28.0-45-g0d030f2227 (webtiles) character file.

Game seed: 14403014128568416156

22 Descartes the Grasshopper (level 2, 0/13 HPs)
             Began as a Felid Warper on Apr 18, 2022.
             Slain by a jackal (3 damage)
             ... on level 2 of the Dungeon.
             The game lasted 00:01:19 (1410 turns).

Descartes the Grasshopper (Felid Warper)            Turns: 1410, Time: 00:01:20

Health: 0/13       AC:  1    Str:  7    XL:     2   Next: 68%
Magic:  6/6        EV: 17    Int: 14    God:
Gold:   39         SH:  0    Dex: 15    Spells: 3/5 levels left
                                        Lives:  0   Deaths: 0

rFire   . . .      SeeInvis +     - Unarmed
rCold   . . .      Faith    .   (shield unavailable)
rNeg    . . .      Spirit   .   (armour unavailable)
rPois   .          Reflect  .   (helmet unavailable)
rElec   .          Harm     .   (cloak unavailable)
rCorr   .          Rampage  .   (gloves unavailable)
Will    .....                   (boots unavailable)
Stlth   +.........              (no amulet)
HPRegen 0.04/turn               (no ring)
MPRegen 0.10/turn               (no ring)

@: quick
A: very small, claws 1, fangs 3, see invisible, speed 1, shaggy fur 1, stealthy
paws, no weapons or thrown items, no armour, multi-lived
a: no special abilities


You were on level 2 of the Dungeon.
You visited 1 branch of the dungeon, and saw 2 of its levels.

You collected 39 gold pieces.

Inventory:

Missiles
 e - 42 stones
Scrolls
 a - a scroll of blinking
 b - a scroll of teleportation {unknown}
 d - a scroll of acquirement {unknown}
 f - a scroll of identify {unknown}
Potions
 c - a potion of attraction {unknown}


   Skills:
 - Level 2.0 Fighting
 - Level 3.2 Dodging
 * Level 3.2 Unarmed Combat
 - Level 2.0 Spellcasting
 + Level 4.5 Translocations


You had 3 spell levels left.
You knew the following spells:

 Your Spells              Type           Power      Damage    Failure   Level
a - Blink                 Tloc           28%        N/A       5%          2

Your spell library contained the following spells:

 Spells                   Type           Power      Damage    Failure   Level
 Gell's Gravitas          Tloc           14%        N/A       11%         3
 Lesser Beckoning         Tloc           14%        N/A       11%         3
 Teleport Other           Tloc           14%        N/A       11%         3
 Summon Small Mammal      Summ           4%         N/A       24%         1
 Call Canine Familiar     Summ           1%         N/A       56%         3
 Summon Guardian Golem    Hex/Summ       1%         N/A       56%         3
 Manifold Assault         Tloc           14%        N/A       71%         5


Dungeon Overview and Level Annotations

Branches:
Dungeon (2/15)

Altars:


Innate Abilities, Weirdness & Mutations

You have sharp claws.
You have razor-sharp teeth.
You have supernaturally acute eyesight. (SInv)
You cover ground quickly. (Speed+)
You are covered in fur. (AC +1)
Your paws help you pounce on unaware monsters.
You are incapable of wielding weapons or throwing items.
You cannot wear armour.
You gain extra lives every three experience levels.


Message History

There is a stone staircase leading up here.
You now have 39 gold pieces (gained 10).
A giant cockroach comes into view.
You barely miss the giant cockroach. The giant cockroach misses you.
The giant cockroach barely misses you.
You scratch the giant cockroach.
You kill the giant cockroach!
No target in view!
You see here a giant cockroach corpse.
e - 42 stones (gained 16) 2 jackals come into view.
The jackal barks!
A jackal comes into view.
The jackal barks!
The jackal closely misses you.
You barely miss the jackal. The jackal completely misses you.
The jackal barks!
You scratch the jackal.
You kill the jackal!
You hear a shout!
The jackal closely misses you.
You closely miss the jackal. The jackal bites you.
You scratch the jackal. Your claw misses the jackal.
The jackal is severely wounded.
The jackal closely misses you. The jackal bites you.
You scratch the jackal.
The jackal is severely wounded.
An ogre comes into view. It is wielding a +0 giant club.
The jackal bites you.
You barely miss the jackal. You bite the jackal, but do no damage.
The jackal is severely wounded.
The jackal barely misses you. x2; The jackal bites you.
You are too injured to fight recklessly!
You are too injured to fight recklessly!
The jackal bites you.
* * * LOW HITPOINT WARNING * * *
You barely miss the jackal. The jackal completely misses you. x2
You barely miss the jackal. You bite the jackal, but do no damage.
The jackal bites you.
You die...

#.######.# #.# #.# #.#
#.# ######### ####.#
#.# ........# #....#
#†# ........# #.####
#.# ........# #.# #.#
........#######.######
#.####
...........hh@.......#
#.....
.......O#######.####.#
###### ........# .....
........# ####.##
............... ..
........##.#.## .##
......... # .#
........O .#
..........


You could see an ogre and 2 jackals.

Vanquished Creatures
  A giant cockroach (D:2)
  6 goblins (D:1)
  3 jackals
  A quokka (D:1)
  2 ball pythons (D:1)
  2 bats (D:1)
  2 kobolds (D:1)
  3 rats (D:1)
20 creatures vanquished.

Notes
Turn   | Place    | Note
-------+----------+-------------------------------------------
     0 | D:1      | Descartes the Felid Warper began the quest for the Orb.
     0 | D:1      | Reached XP level 1. HP: 9/9 MP: 4/4
   459 | D:1      | Found a faded altar of an unknown god.
   470 | D:1      | Reached XP level 2. HP: 1/13 MP: 6/6
   806 | D:1      | Learned a level 2 spell: Blink
  1399 | D:2      | Noticed an ogre
  1410 | D:2      | Slain by a jackal

Illustrated notes

Levels and vault maps discovered:
D:1:      shiori_shiawase, layout_basic, nicolae_ecumenical_snake_handling
D:2:      layout_basic, basic_altar

Skill      XL: |  1  2 |
---------------+-------+-----
Unarmed Combat | 3 |  3.2
Fighting       | |  2.0
Dodging        | |  3.2
Spellcasting   | |  2.0
Translocations | |  4.5

Action                   || total
-------------------------++-------
Melee: Unarmed           ||    47
       Bite              ||     4
       Punch             ||     3
Armor: Skin              ||     1
Dodge: Dodged            ||    37
